 Dungeon Crawl Stone Soup version 0.22.1-1-ga44c0e5 (webtiles) character file.

12857 Spongiform the Cleaver (level 11, -5/100 HPs)
             Began as a Minotaur Fighter on Sept 30, 2018.
             Was an Elder of the Shining One.
             Hit by a large rock thrown by a cyclops (27 damage)
             ... on level 1 of the Shoals.
             The game lasted 01:07:46 (8678 turns).

Spongiform the Cleaver (Minotaur Fighter)           Turns: 8678, Time: 01:07:47

Health: -5/100     AC: 20    Str: 28    XL:     11   Next: 68%
Magic:  10/10      EV: 11    Int:  5    God:    the Shining One [****..]
Gold:   712        SH: 12    Dex: 10    Spells: 10/10 levels left

rFire    . . .     SeeInvis .   a - +0 war axe
rCold    . . .     Gourm    .   o - +0 shield (curse)
rNeg     + + .     Faith    .   q - +0 plate armour
rPois    .         Spirit   .   (helmet restricted)
rElec    .         Reflect  .   T - +1 cloak
rCorr    .         Harm     .   H - +0 pair of gloves (curse)
MR       .....                  j - +1 pair of boots
Stlth    ..........             (no amulet)
HPRegen  0.26/turn              N - +4 ring of evasion
MPRegen  0.12/turn              y - +4 ring of strength

@: glowing
A: retaliatory headbutt, horns 2
a: Divine Shield, Cleansing Flame, Renounce Religion


You were on level 1 of the Shoals.
You worshipped the Shining One.
The Shining One was greatly pleased with you.
You were hungry.

You visited 4 branches of the dungeon, and saw 14 of its levels.
You also visited: Sewer.

You collected 712 gold pieces.

Inventory:

Hand Weapons
 a - a +0 war axe (weapon)
 I - a +2 short sword of speed
 L - a cursed -3 spear
 O - a +2 vampiric dagger
 X - a +0 morningstar
Missiles
 h - 8 javelins (quivered)
Armour
 c - a +0 shield
 j - a +1 pair of boots (worn)
 o - a cursed +0 shield (worn)
 q - a +0 plate armour (worn)
 G - a +2 chain mail of fire resistance
 H - a cursed +0 pair of gloves (worn)
 P - a +1 scale mail of poison resistance
 T - a +1 cloak (worn)
 Y - a +2 pair of gloves
Magical Staves
 b - an uncursed staff of fire {unknown}
Jewellery
 n - an uncursed ring of flight
 y - a +4 ring of strength (right hand)
 A - an uncursed ring of protection from cold
 N - a +4 ring of evasion (left hand)
 S - an uncursed ring of resist corrosion
 W - an uncursed ring of flight
Wands
 g - a wand of scattershot (5)
 C - a wand of iceblast (10)
 E - a wand of flame (9)
 J - a wand of acid (6)
 Z - a wand of disintegration (14)
Scrolls
 e - 3 scrolls of blinking {unknown}
 k - 11 scrolls of identify {unknown}
 l - 5 scrolls of remove curse {unknown}
 p - 5 scrolls of amnesia {unknown}
 r - 4 scrolls of enchant weapon {unknown}
 u - a scroll of fog {unknown}
 v - a scroll of magic mapping {unknown}
 w - 4 scrolls of enchant armour {unknown}
 z - 5 scrolls of teleportation {unknown}
 Q - a scroll of immolation {unknown}
 R - a scroll of holy word {unknown}
 V - a scroll of summoning {unknown}
Potions
 d - 2 potions of might
 i - a potion of magic {unknown}
 m - 2 potions of heal wounds
 t - 2 potions of flight {unknown}
 x - 2 potions of cancellation {unknown}
 B - 4 potions of curing {unknown}
 D - a potion of resistance {unknown}
 F - a potion of brilliance {unknown}
 K - 2 potions of berserk rage {unknown}
 M - 3 potions of lignification {unknown}
 U - a potion of haste {unknown}
Miscellaneous
 s - a lamp of fire
Comestibles
 f - 9 rations


   Skills:
 + Level 10.3 Fighting
 + Level 14.7 Axes
 + Level 9.8 Armour
 + Level 1.5 Dodging
 + Level 1.1 Stealth
 + Level 10.3 Shields


You had 10 spell levels left.
You didn't know any spells.
Your spell library contained the following spells:

 Spells                   Type           Power        Failure   Level  Hunger
 Corona                   Hex            #......      100%        1    ##.....
 Freeze                   Ice            #...         100%        1    ##.....
 Magic Dart               Conj           #...         100%        1    ##.....
 Summon Small Mammal      Summ           #...         100%        1    ##.....
 Call Imp                 Summ           #.......     100%        2    ###....
 Searing Ray              Conj           #.....       100%        2    ###....
 Slow                     Hex            #.......     100%        2    ###....
 Throw Frost              Conj/Ice       #.....       100%        2    ###....
 Call Canine Familiar     Summ           #.......     100%        3    ####...
 Dazzling Spray           Conj/Hex       #.....       100%        3    ####...
 Inner Flame              Hex/Fire       #.......     100%        3    ####...
 Ozocubu's Armour         Chrm/Ice       #.......     100%        3    ####...
 Portal Projectile        Hex/Tloc       #.....       100%        3    ####...
 Summon Guardian Golem    Hex/Summ       #.......     100%        3    ####...
 Cause Fear               Hex            #.........   100%        4    #####..
 Force Lance              Conj/Tloc      #.......     100%        4    #####..
 Fulminant Prism          Conj/Hex       #.........   100%        4    #####..
 Iskenderun's Mystic Bla  Conj           #.......     100%        4    #####..
 Leda's Liquefaction      Hex/Erth       #.........   100%        4    #####..
 Summon Ice Beast         Ice/Summ       #.......     100%        4    #####..
 Summon Lightning Spire   Summ/Air       #.......     100%        4    #####..
 Throw Icicle             Conj/Ice       #.......     100%        4    #####..


Dungeon Overview and Level Annotations

Branches:
Dungeon (10/15)            Temple (1/1) D:5            Lair (2/6) D:10
 Shoals (1/4) Lair:2
  Snake: Lair:2-4    Spider: Lair:2-4       Orc: D:9-12

Altars:
Ashenzari
Cheibriados
Dithmenos
Elyvilon
Fedhas
Gozag
Hepliaklqana
Kikubaaqudgha
Makhleb
Nemelex Xobeh
Okawaru
Qazlal
Ru
Sif Muna
Trog
Uskayaw
Vehumet
Wu Jian
Xom
Yredelemnul
Zin
The Shining One

Shops:
D:5 [


Innate Abilities, Weirdness & Mutations

You reflexively headbutt those who attack you in melee.
You have a pair of horns on your head.


Message History

There is a staircase to the Shoals here.
You are feeling hungry.
You feel much better.
There is a staircase to the Shoals here.
You climb downwards.
Welcome to the Shoals!
This branch is very noisy, and so sound travels much less far.
This branch contains the barnacled rune of Zot.
A cyclops and 2 dream sheep come into view.
The cyclops shouts!
The dream sheep bleats!
Found a stone staircase leading down.
There is a staircase back to the Lair here.
A manticore comes into view.
The manticore flicks its tail.
The volley of spikes hits you!
The dream sheep shake their wool and sparkle.
You feel drowsy...
You fall asleep.
The cyclops hits you!!!
You wake up.
* * * LOW HITPOINT WARNING * * *
The cyclops throws a large rock.
The large rock hits you!!
You die...

....## ......
......# ......##
## #..≈..##.#
###.≈≈.....####
#.≈≈≈≈.≈.C....##
#≈≈≈...@.Y≈≈...#
.≈≈≈..>..Y≈≈≈....
.≈≈≈...##≈≈≈≈....
.≈≈≈... .≈≈≈.≈≈≈≈
≈≈≈≈.H≈ .≈≈≈≈≈≈≈≈
≈....≈≈≈≈≈≈≈≈≈≈≈≈
..##..≈.≈≈≈≈≈≈≈≈≈
.# #.....≈≈≈≈≈≈≈≈


You could see a manticore, a cyclops and 2 dream sheep.

Vanquished Creatures
  Harold (D:9)
  2 two-headed ogres
  An unseen horror (D:10)
  An ugly thing (D:8)
  A merfolk siren (Lair:2)
  Maurice (D:8)
  Joseph (D:8)
  A rime drake (Lair:1)
  3 merfolk (Lair:2)
  A hornet (D:8)
  2 hippogriffs
  2 basilisks (Lair:1)
  A hungry ghost (D:9)
  8 yaks
  Duvessa (D:5)
  A porcupine (D:10)
  2 ice beasts
  3 orc warriors
  3 phantoms
  A sky beast (D:4)
  3 necrophages
  2 ogres
  18 crocodiles
  2 centaurs
  3 big kobolds
  5 bullfrogs
  2 scorpions
  Dowan (D:5)
  8 killer bees (D:10)
  5 wights (D:9)
  A howler monkey (D:7)
  2 electric eels (Lair:1)
  3 crimson imps
  A bullfrog zombie (D:8)
  2 centaur zombies (D:8)
  2 jellies
  2 quasits (D:9)
  4 hounds
  2 centaur skeletons
  4 orc priests
  A bullfrog skeleton (D:5)
  A gnoll shaman (D:5)
  5 orc wizards
  9 iguanas
  Ijyb (D:5)
  Terence (D:3)
  3 worker ants
  A hound zombie (D:8)
  A howler monkey zombie (D:6)
  A worker ant zombie (D:6)
  13 gnolls
  11 adders
  3 shadow imps
  15 oozes
  2 adder skeletons (D:8)
  2 worms (D:2)
  2 dart slugs
  25 leopard geckos
  23 orcs
  19 ball pythons
  20 giant cockroaches
  4 hobgoblins
  8 jackals
  15 kobolds
  8 quokkas
  5 bats
  16 frilled lizards
  5 goblins
  A jackal skeleton (D:8)
  A quokka zombie (D:5)
  2 rats
  A spectral orc (D:8)
  A bush (Temple)
  4 fungi (D:10)
  2 plants
341 creatures vanquished.

Vanquished Creatures (others)
  A frilled lizard (Lair:1)
  2 fungi
3 creatures vanquished.

Grand Total: 344 creatures vanquished

Notes
Turn   | Place    | Note
-------+----------+-------------------------------------------
     0 | D:1      | Spongiform the Minotaur Fighter began the quest for the
                  | Orb.
     0 | D:1      | Reached XP level 1. HP: 19/19 MP: 0/0
  1008 | D:2      | Found a bloodstained altar of Trog.
  1026 | D:2      | Reached XP level 2. HP: 17/27 MP: 1/1
  1053 | D:2      | Reached XP level 3. HP: 22/33 MP: 2/2
  1116 | D:2      | Reached skill level 3 in Axes
  1335 | D:2      | Reached XP level 4. HP: 38/40 MP: 3/3
  1695 | D:3      | Found an ornate altar of the Wu Jian Council.
  1697 | D:3      | Found a snail-covered altar of Cheibriados.
  1739 | D:3      | Noticed Terence
  1755 | D:3      | Killed Terence
  1755 | D:3      | Reached skill level 5 in Fighting
  1755 | D:3      | Reached skill level 4 in Axes
  1755 | D:3      | Reached XP level 5. HP: 47/48 MP: 4/4
  1898 | D:3      | Found a glowing drain.
  2093 | D:3      | Reached skill level 5 in Shields
  2161 | Sewer    | Entered a sewer
  2170 | Sewer    | Reached skill level 5 in Axes
  2221 | Sewer    | Reached XP level 6. HP: 56/56 MP: 5/5
  2492 | Sewer    | Reached skill level 6 in Axes
  2503 | Sewer    | Reached skill level 5 in Armour
  2503 | Sewer    | Reached XP level 7. HP: 38/61 MP: 6/6
  2612 | D:4      | Found a sparkling altar of Nemelex Xobeh.
  2783 | D:4      | Found a shattered altar of Ashenzari.
  2915 | D:4      | Found a radiant altar of Vehumet.
  3360 | D:5      | Entered Level 5 of the Dungeon
  3509 | D:5      | Found a staircase to the Ecumenical Temple.
  3525 | D:5      | Reached skill level 7 in Axes
  3556 | Temple   | Entered the Ecumenical Temple
  3697 | Temple   | Became a worshipper of the Shining One
  3922 | D:5      | Noticed Ijyb
  3934 | D:5      | Killed Ijyb
  4001 | D:5      | Reached XP level 8. HP: 57/70 MP: 7/7
  4003 | D:5      | Noticed Duvessa
  4003 | D:5      | Noticed Dowan
  4016 | D:5      | Killed Dowan
  4024 | D:5      | Killed Duvessa
  4241 | D:5      | Found Ytta's Antique Armour Shoppe.
  4470 | D:6      | Found an ancient bone altar of Kikubaaqudgha.
  4542 | D:6      | Reached skill level 8 in Axes
  4600 | D:6      | Found a deep blue altar of Sif Muna.
  4859 | D:6      | Found an iron altar of Okawaru.
  5195 | D:6      | Found a hazy altar of Hepliaklqana.
  5499 | D:7      | Found a shadowy altar of Dithmenos.
  5558 | D:7      | Reached * piety under the Shining One
  5613 | D:7      | Reached skill level 9 in Axes
  5649 | D:7      | Reached skill level 1 in Stealth
  5715 | D:7      | Reached XP level 9. HP: 76/77 MP: 8/8
  6026 | D:8      | Noticed a two-headed ogre
  6034 | D:8      | Killed a two-headed ogre
  6034 | D:8      | Reached skill level 10 in Axes
  6085 | D:8      | Found a basalt altar of Yredelemnul.
  6179 | D:8      | Noticed Maurice
  6235 | D:8      | Killed Maurice
  6235 | D:8      | Reached skill level 11 in Axes
  6243 | D:8      | Reached ** piety under the Shining One
  6289 | D:8      | Noticed Joseph
  6303 | D:8      | Killed Joseph
  6303 | D:8      | Reached XP level 10. HP: 54/87 MP: 9/9
  6368 | D:8      | Found a stormy altar of Qazlal.
  6479 | D:8      | Reached skill level 12 in Axes
  6533 | D:8      | Noticed a purple ugly thing
  6542 | D:8      | Killed a purple ugly thing
  6542 | D:8      | Reached skill level 1 in Dodging
  6712 | D:9      | Noticed Harold
  6740 | D:9      | Killed Harold
  6997 | D:9      | Reached skill level 13 in Axes
  7063 | D:9      | Reached *** piety under the Shining One
  7212 | D:9      | Found a burning altar of Makhleb.
  7341 | D:10     | Entered Level 10 of the Dungeon
  7347 | D:10     | Noticed an unseen horror
  7361 | D:10     | Killed an unseen horror
  7668 | D:10     | Reached XP level 11. HP: 83/96 MP: 10/10
  7714 | D:10     | Noticed a two-headed ogre
  7724 | D:10     | Killed a two-headed ogre
  7767 | D:10     | Found a staircase to the Lair.
  7779 | Lair:1   | Entered Level 1 of the Lair of Beasts
  7949 | Lair:1   | Reached skill level 14 in Axes
  7949 | Lair:1   | Reached skill level 10 in Shields
  7974 | Lair:1   | Reached **** piety under the Shining One
  8514 | Lair:2   | Reached skill level 10 in Fighting
  8621 | Lair:2   | Found a staircase to the Shoals.
  8675 | Shoals:1 | Entered Level 1 of the Shoals
  8678 | Shoals:1 | Hit by a large rock thrown by a cyclops

Skill      XL: |  1  2  3  4  5  6  7  8  9 10 11 |
---------------+----------------------------------+-----
Fighting       | 4 5 6 8 9 10 | 10.3
Shields        | 4 5 6 7 8 9 10 | 10.3
Axes           | 3 4 5 6 7 9 11 13 14 | 14.7
Armour         | 4 5 6 7 8 9 |  9.8
Stealth        | 1 |  1.1
Dodging        | 1 |  1.5

Action                   |  1- 3 |  4- 6 |  7- 9 | 10-12 || total
-------------------------+-------+-------+-------+-------++-------
Melee: War axe           |    81 |   277 |   377 |   384 ||  1119
       Headbutt          |    12 |    34 |    81 |    70 ||   197
  Use: Potion            |       |       |       |     4 ||     4
  Eat: Ration            |     1 |     1 |     4 |     2 ||     8
Armor: Plate armour      |    53 |   183 |   120 |   127 ||   483
       Scale mail        |     4 |       |       |       ||     4
Dodge: Dodged            |    17 |    55 |    48 |    88 ||   208
Block: Shield            |    49 |   164 |   166 |   173 ||   552
